 Dungeon Crawl Stone Soup version 0.27-a0-869-g165b36e3f0 (webtiles) character file.

Game seed: 11559199442860717058

37 polve the Chopper (level 3, -3/34 HPs)
             Began as a Hill Orc Berserker on Apr 2, 2021.
             Was a Believer of Trog.
             Slain by a shadow imp (4 damage)
             ... summoned by Natasha
             ... on level 2 of the Dungeon.
             The game lasted 00:00:47 (1501 turns).

polve the Chopper (Hill Orc Berserker)              Turns: 1501, Time: 00:00:48

Health: -3/34      AC:  5    Str: 19    XL:     3   Next: 39%
Magic:  3/3        EV: 11    Int:  7    God:    Trog [**....]
Gold:   63         SH:  0    Dex: 11    Spells: 2/2 levels left

rFire    . . .     SeeInvis .   a - +0 hand axe
rCold    . . .     Faith    .   (no shield)
rNeg     . . .     Spirit   .   i - +0 ring mail
rPois    .         Reflect  .   (no helmet)
rElec    .         Harm     .   (no cloak)
rCorr    .         Rampage  .   (no gloves)
Will     .....                  (no boots)
Stlth    +.........             (no amulet)
HPRegen  0.11/turn              e - ring of flight
MPRegen  0.08/turn              (no ring)

@: berserk cooldown, flying, slowed, very slow
A: no striking features
a: Renounce Religion, Berserk, Trog's Hand


You were on level 2 of the Dungeon.
You worshipped Trog.
Trog was pleased with you.
You visited 1 branch of the dungeon, and saw 2 of its levels.

You collected 63 gold pieces.

Inventory:

Hand Weapons
 a - a +0 hand axe (weapon)
Armour
 i - a +0 ring mail (worn)
Jewellery
 e - a ring of flight (left hand)
Scrolls
 c - a scroll of identify {unknown}
 d - a scroll of blinking {unknown}
Potions
 b - a potion of berserk rage {unknown}
 f - 2 potions of degeneration {unknown}
 g - 2 potions of curing {unknown}
 h - a potion of resistance {unknown}


   Skills:
 + Level 4.5 Fighting
 + Level 5.0 Axes
 - Level 2.1 Armour
 - Level 1.5 Dodging


You had 2 spell levels left.
You didn't know any spells.
Your spell library was empty.

Dungeon Overview and Level Annotations

Branches:
Dungeon (2/15)

Altars:

Annotations:
D:2 Natasha


Message History

Natasha claws you. The shadow imp barely misses you.
Natasha growls.
Natasha casts a spell at you. The magic dart hits you!
You feel your anger nearly subside.
You are no longer berserk.
You are exhausted.
You feel yourself slow down. The shadow imp barely misses you.
Natasha casts a spell.
You closely miss the shadow imp. You barely miss the shadow imp.
The shadow imp closely misses you.
The shadow imp hits you but does no damage.
The shadow imp hits you.
You hit the shadow imp.
The shadow imp is lightly wounded.
You completely miss the shadow imp. The shadow imp closely misses you.
The shadow imp hits you but does no damage.
The shadow imp hits you.
* * * LOW HITPOINT WARNING * * *
You hit the shadow imp.
The shadow imp is heavily wounded.
You hit the shadow imp. The shadow imp closely misses you.
The shadow imp misses you.
Natasha mumbles some strange words.
Natasha's front paws start to glow.
The shadow imp hits you.
* * * LOW HITPOINT WARNING * * *
Natasha claws you.
* * * LOW HITPOINT WARNING * * *
The shadow imp barely misses you. The shadow imp closely misses you.
The shadow imp hits you.
* * * LOW HITPOINT WARNING * * *
Natasha casts a spell at you. You resist with significant effort.
You barely miss Natasha. You barely miss the shadow imp.
You hit the shadow imp. x2; The shadow imp closely misses you.
The shadow imp hits you but does no damage.
The shadow imp closely misses you. Natasha closely misses you.
The shadow imp hits you.
You die...

#.##################
#......555..........
#.....@h...(#
#######.#
##+########.#
#.....#.#
#.###.###.#.#
#.#.....#.#..
#............
##.###...#.#<#
.....#.......#
#...>...........
......#.#.†.#....


You could see Natasha and 3 shadow imps.

Vanquished Creatures
  A gnoll (D:1)
  2 ball pythons (D:1)
  2 goblins (D:1)
  4 hobgoblins (D:1)
  2 quokkas (D:1)
  3 bats
  2 frilled lizards (D:1)
  3 kobolds (D:1)
  10 rats
29 creatures vanquished.

Vanquished Creatures (others)
  2 plants (D:1)
2 creatures vanquished.

Grand Total: 31 creatures vanquished

Notes
Turn   | Place    | Note
-------+----------+-------------------------------------------
     0 | D:1      | polve the Hill Orc Berserker began the quest for the Orb.
     0 | D:1      | Reached XP level 1. HP: 19/19 MP: 1/1
   391 | D:1      | Reached XP level 2. HP: 25/27 MP: 2/2
   518 | D:1      | Found a faded altar of an unknown god.
   832 | D:1      | Reached XP level 3. HP: 34/34 MP: 3/3
  1333 | D:1      | Reached ** piety under Trog
  1334 | D:1      | Reached skill level 5 in Axes
  1488 | D:2      | Noticed Natasha
  1500 | D:2      | HP: 1/34 [shadow imp[Natasha] (3)]
  1501 | D:2      | Slain by a shadow imp

Illustrated notes

Levels and vault maps discovered:
D:1:      saegor_arrival_simple_a, layout_loops_corners, basic_ecumenical_altar,
          serial_bayou_pond_a, serial_park_tiny_2, minmay_tetromino_l2
D:2:      layout_basic, minmay_split_cup_large, uniq_natasha, uniq_robin

Skill      XL: |  1  2  3 |
---------------+----------+-----
Fighting       | 4 |  4.5
Axes           | 5 |  5.0
Armour         | |  2.1
Dodging        | |  1.5

Action                   || total
-------------------------++-------
Melee: Hand axe          ||    95
Invok: Berserk           ||     2
 Stab: Sleeping          ||     1
Armor: Animal skin       ||     9
       Ring mail         ||    13
Dodge: Dodged            ||    73

Table legend: (Time is in decaauts)
 A = Elapsed time spent in this place.
 B = Non-inter-level travel time spent in this place.
 C = Inter-level travel time spent in this place.
 D = Time resting spent in this place.
 E = Time spent auto-exploring this place.
 F = Levels seen in this place.
 G = Mean time per level.
                   A        B        C        D        E       F      G
               +--------+--------+--------+--------+--------+-----+--------+
         Total |   1515 |   1505 |     10 |      2 |   1290 |   2 |  757.5 |
       Dungeon |   1515 |   1505 |     10 |      2 |   1290 |   2 |  757.5 |
               +--------+--------+--------+--------+--------+-----+--------+

Top non-repeatable levels by time:
     D:1: 1453 daAuts
     D:2: 62 daAuts
